 Dungeon Sprint DCSS version 0.31-a0-7-g51783674b7 (webtiles) character file.

Game seed: 3981408732081737768

201 sircluck the Cleaver (level 5, -6/53 HPs)
             Began as a Hill Orc Fighter on May 5, 2023.
             Killed from afar by a deep elf pyromancer (31 damage)
             ... with a bolt of fire
             ... in the Dungeon (Sprint III: "The Ten Rune Challenge").
             The game lasted 00:00:49 (469 turns).

sircluck the Cleaver (Hill Orc Fighter)              Turns: 469, Time: 00:00:50

Health: -6/53      AC:  7    Str: 21    XL:     5   Next: 79%
Magic:  5/5        EV:  9    Int:  8    God:
Gold:   16         SH:  5    Dex: 10    Spells: 4/4 levels left

rFire   . . .        a - +0 war axe
rCold   . . .        c - +0 buckler
rNeg    . . .        b - +0 scale mail
rPois   .            (no helmet)
rElec   .            (no cloak)
rCorr   .            (no gloves)
SInv    .            (no boots)
Will    .....        (no amulet) Stlth
                     (no ring)
HPRegen 0.28/turn    (no ring)
MPRegen 0.09/turn

%: no teleportation
@: no status effects
A: no striking features
a: no special abilities


You were in the Dungeon.
You visited 1 branch You collected 16 gold pieces.

Inventory:

Hand Weapons
 a - a +0 war axe (weapon)
Armour
 b - a +0 scale mail (worn)
 c - a +0 buckler (worn)
Jewellery
 k - an amulet of faith
Scrolls
 j - a scroll of blinking
 m - a scroll of poison {unknown}
 n - a scroll of identify {unknown}
 p - a scroll of immolation {unknown}
 q - a scroll of torment {unknown}
Potions
 e - a potion of curing
 f - a potion of heal wounds
 g - a potion of haste
 h - 2 potions of magic
 i - a potion of berserk rage
 l - 4 potions of mutation {unknown}
 o - 4 potions of flight


   Skills:
 + Level 7.7 Fighting
 + Level 8.3 Axes
 + Level 7.0 Armour
 + Level 0.9 Dodging
 + Level 6.7 Shields


You had 4 spell levels left.
You didn't know any spells.
Your spell library contained the following spells:

 Spells                   Type           Power      Damage    Failure   Level
 Dazzling Flash           Conj/Hex       0%         N/A       98%         3
 Tukima's Dance           Hex            0%         N/A       98%         3
 Passage of Golubria      Tloc           0%         N/A       100%        4
 Agony                    Necr           0%         N/A       100%        5
 Silence                  Hex/Air        0%         N/A       100%        5
 Yara's Violent Unravell  Hex/Tmut       0%         3d3       100%        5


Dungeon Overview and Level Annotations

Branches:
Dungeon (1/1)

Altars:
Elyvilon
Kikubaaqudgha
Sif Muna
Vehumet
Zin
The Shining One


Message History

You close the door.
You open the door.
A deep elf pyromancer comes into view.
It is wielding a +0 long sword of holy wrath.
Found 2 potions of heal wounds.
The deep elf pyromancer shouts!
The deep elf pyromancer gestures at you while chanting.
The sticky flame hits you.
You are covered in liquid flames!
There is an open door here.
You are covered in liquid flames!
The deep elf pyromancer completely misses you.
You barely miss the deep elf pyromancer.
You are covered in liquid flames!
The deep elf pyromancer gestures wildly while chanting.
The deep elf pyromancer blinks!
You close the door.
You are covered in liquid flames!
You are no longer on fire.
You start resting.
A deep elf pyromancer opens the door.
It is wielding a +0 long sword of holy wrath.
The deep elf pyromancer hits you with a +0 long sword of holy wrath!
There is an open door here.
You hit the deep elf pyromancer but do no damage.
The deep elf pyromancer hits you but does no damage.
You slash the deep elf pyromancer!
The deep elf pyromancer is moderately wounded.
The deep elf pyromancer hits you with a +0 long sword of holy wrath!
You are too injured to fight recklessly!
You are too injured to fight recklessly!
You are too injured to fight recklessly!
You are too injured to fight recklessly!
You are too injured to fight recklessly!
You are too injured to fight recklessly!
You are too injured to fight recklessly!
You hit the deep elf pyromancer.
The deep elf pyromancer is heavily wounded.
The deep elf pyromancer casts a spell at you.
The bolt of fire hits you!!
Ouch! That really hurt!
You die...

▓▓▓▓▓▓▓▓ ▓▓▓ .'.....♣♣
♣.##### .#......♣
♣.#___# ##.....♣♣
♣♣.#!..#
.#....~♣♣♣♣..###@#+###+#
.#...~~♣♣....#...e......
)#..~~~†..♣♣.'.⌠........
'#..~≈≈~~~♣♣.#...######+
.#.~~≈~~~....#.⌠.#
.#.~≈~~~.....#...#
.#.~~~.......#)###
##...........#.).#
.............#___#


You could see a deep elf pyromancer.

Vanquished Creatures
  A water elemental (D)
  A scorpion (D)
  Jessica (D)
  A wizard (D)
  A human (D)
  A kobold demonologist (D)
  An endoplasm (D)
  A rat (D)
8 creatures vanquished.

Vanquished Creatures (others)
  A plant (D)
1 creature vanquished.

Grand Total: 9 creatures vanquished

Notes
Turn   | Place    | Note
-------+----------+-------------------------------------------
     0 | D        | sircluck the Hill Orc Fighter began the quest for the Orb.
     0 | D        | Reached XP level 1. HP: 19/19 MP: 1/1
    22 | D        | Noticed Jessica
    28 | D        | Killed Jessica
    29 | D        | Reached skill level 5 in Fighting
    29 | D        | Reached skill level 3 in Axes
    29 | D        | Reached XP level 2. HP: 25/29 MP: 2/2
    29 | D        | Reached XP level 3. HP: 31/36 MP: 3/3
    90 | D        | Reached skill level 4 in Axes
    90 | D        | Reached skill level 5 in Armour
    90 | D        | Reached skill level 5 in Shields
   159 | D        | Noticed a scorpion
   177 | D        | Killed a scorpion
   178 | D        | Reached skill level 6 in Axes
   178 | D        | Reached XP level 4. HP: 16/45 MP: 4/4
   300 | D        | Noticed a water elemental
   340 | D        | Killed a water elemental
   341 | D        | Reached skill level 7 in Axes
   341 | D        | Reached XP level 5. HP: 34/52 MP: 5/5
   345 | D        | Found a radiant altar of Vehumet.
   345 | D        | Found a shimmering blue altar of Sif Muna.
   345 | D        | Found an ancient bone altar of Kikubaaqudgha.
   356 | D        | Reached skill level 8 in Axes
   456 | D        | Found a glowing silver altar of Zin.
   456 | D        | Found a glowing golden altar of the Shining One.
   456 | D        | Found a white marble altar of Elyvilon.
   459 | D        | Noticed a deep elf pyromancer
   469 | D        | Killed from afar by a deep elf pyromancer

Illustrated notes

Levels and vault maps discovered:
D:        dungeon_sprint_mu [sprint_mu_entry_forest, sprint_mu_temple_rooms,
          sprint_mu_d1_spiders, sprint_mu_d2_genie, sprint_mu_d3_branching,
          sprint_mu_orc_legion, sprint_mu_elf_gauntlet, sprint_mu_hive_nellie,
          sprint_mu_lair_fedhas, sprint_mu_vaults_butterflies,
          sprint_mu_slime_circle, sprint_mu_swamp_cave, sprint_mu_snake_twists,
          sprint_mu_blade_basic, sprint_mu_crypt_lich, sprint_mu_tomb_spiral,
          sprint_mu_vestibule_basic, sprint_mu_gehenna_hellfire,
          sprint_mu_dis_giant, sprint_mu_tartarus_statrot,
          sprint_mu_cocytus_islands, sprint_mu_zot1]

Skill      XL: |  1  2  3  4  5 |
---------------+----------------+-----
Fighting       | 5 6 7 |  7.7
Axes           | 3 6 7 8 |  8.3
Armour         | 4 6 7 |  7.0
Shields        | 4 5 6 |  6.7
Dodging        | |  0.9

Action                     |  1- 3 |  4- 6 || total
---------------------------+-------+-------++-------
  Melee: War axe           |    46 |    12 ||    58
    Use: Potion            |       |     1 ||     1
 Armour: Scale mail        |    13 |     9 ||    22
  Dodge: Dodged            |    25 |     3 ||    28
  Block: Buckler           |     8 |     4 ||    12

Table legend: (Time is in decaauts)
 A = Elapsed time spent in this place.
 B = Non-inter-level travel time spent in this place.
 C = Inter-level travel time spent in this place.
 D = Time resting spent in this place.
 E = Time spent auto-exploring this place.
 F = Levels seen in this place.
 G = Mean time per level.
                   A        B        C        D        E       F      G
               +--------+--------+--------+--------+--------+-----+--------+
         Total |    489 |    478 |     11 |     71 |    288 |   1 |  489.0 |
       Dungeon |    489 |    478 |     11 |     71 |    288 |   1 |  489.0 |
               +--------+--------+--------+--------+--------+-----+--------+

Top non-repeatable levels by time:
       D: 489 daAuts
